Description

Want to try Dream v Serral build order on ladder but cant find on Spawning pool app

Replay - Dream v Serral: Game 1 - [TLMC15] Berlingrad

Build Order

Get SALT Encoding   

  12  0:00  SCV  
  13  0:12  SCV  
  14  0:17  Supply Depot  
  14  0:24  SCV  
  15  0:39  SCV  
  15  0:40  Barracks  
  16  0:43  Refinery  
  16  0:51  SCV  
  17  1:03  SCV  
  18  1:15  SCV  
  19  1:27  Orbital Command, Reaper  
  20  1:39  Command Center  
  20  1:49  Supply Depot  
  20  1:53  SCV  
  21  1:59  Marine  
  22  2:05  SCV  
  22  2:08  Factory  
  23  2:17  SCV  
  23  2:21  Barracks Reactor  
  24  2:25  Refinery  
  25  2:38  Bunker  
  26  2:50  Orbital Command  
  27  3:00  Starport  
  27  3:01  Hellion x2  
  32  3:13  Barracks Tech Lab  
  34  3:22  Hellion x2  
  38  3:32  Supply Depot  
  40  3:34  Stimpack  
  40  3:37  Viking  
  44  3:52  Hellion x2  
  50  3:56  Marine  
  50  3:57  Supply Depot  
  53  4:16  Starport Reactor  
  53  4:19  Barracks x2  
  53  4:23  Factory Tech Lab  
  55  4:26  Engineering Bay, Marine, Refinery  
  57  4:37  Supply Depot  
  58  4:44  Marine  
  61  4:54  Barracks  
  61  4:59  Siege Tank  
  64  5:01  Terran Infantry Weapons Level 1  
  64  5:03  Barracks  
  64  5:04  Starport Reactor  
  66  5:08  Marine  
  66  5:11  Refinery  
  67  5:15  Combat Shield  
  67  5:20  Marine x4  
  69  5:26  Marine  
  75  5:35  Siege Tank  
  75  5:41  Medivac x2  
  90  6:10  Siege Tank  
  95  6:15  Medivac  
  95  6:18  Liberator  
  119  7:02  Siege Tank  
Spawning Tool Build Advisor. Get it on Overwolf

Go to:

Details

  • Created by: Shortmarine
  • Published on: Mar 20, 2023
  • Modified on: Mar 20, 2023
  • Patch: 5.0.11
  • Difficulty: Medium
Show
View Real Time Build Order
Export as new Build Order

Comments (0)

There are no comments. Be the first!

Create an account to comment!